 Dungeon Crawl Stone Soup version 0.15-a0-413-gc6111ba (webtiles) character file.

185 TZer0alt the Slasher (level 4, 0/35 HPs)
             Began as a Formicid Abyssal Knight on May 4, 2014.
             Was a Believer of Lugonu.
             Succumbed to poison (a potion of poison)
             ... on Level 3 of the Dungeon.
             The game lasted 00:05:06 (2142 turns).

TZer0alt the Slasher (Formicid Abyssal Knight)      Turns: 2142, Time: 00:05:06

HP   0/35        AC  8     Str 18      XL: 4   Next: 44%
MP   6/6         EV 11     Int 16      God: Lugonu [**....]
Gold 115         SH  0     Dex 19      Spells:  0 memorised,  3 levels left

rFire  + . .     SeeInvis +     a - +1 falchion
rCold  + . .     Clarity  .     o - +0 chain mail
rNeg   . . .     Conserve .     (no shield)
rPois  +         rCorr    .     (helmet unavailable)
rElec  +         rRot     .     (no cloak)
SustAb . .       Spirit   .     (no gloves)
rMut   .         Warding  .     (no boots)
Gourm  +         Stasis   +     r - amulet of the gourmand
MR     .....                    (no ring)
                                i - +4 ring of dexterity

@: brilliant, agile, lethally poisoned, not resistant to hostile enchantments,
extremely unstealthy
A: permanent stasis, dig shafts and tunnels, four strong arms, antennae 3
a: Dig, Shaft Self, Depart the Abyss, Bend Space, Renounce Religion


You were on level 3 of the Dungeon.
You worshipped Lugonu.
Lugonu was pleased with you.
You were not hungry.

You visited 1 branch of the dungeon, and saw 3 of its levels.
You visited the Abyss 1 time.

You collected 115 gold pieces.


Innate Abilities, Weirdness & Mutations

Your are under a permanent stasis effect.
You can dig through walls and to a lower floor.
Your four strong arms can wield two-handed weapons with a shield.
You have a pair of large antennae on your head (SInv).


   Skills:
 - Level 3.2 Fighting
 + Level 4.2 Long Blades
 + Level 2.4 Armour
 - Level 0.8 Dodging
 - Level 2.1 Invocations


You had 3 spell levels left.
You didn't know any spells.

Dungeon Overview and Level Annotations

Branches:
Dungeon (3/15)

Altars:

Inventory:

Hand weapons
 a - a +1,+1 falchion (weapon)
 g - a +2,+2 long sword
   (You found it on level 3 of the Dungeon)
Armour
 o - a +0 chain mail (worn)
   (You found it on level 2 of the Dungeon)
Comestibles
 c - 2 bread rations
 d - 2 apples
 f - a choko
 p - a meat ration
Scrolls
 b - a scroll of teleportation {unknown}
 e - 2 scrolls of remove curse
 j - a scroll of fear {unknown}
Jewellery
 i - a +4 ring of dexterity (left hand)
   (You found it on level 1 of the Dungeon)
 r - an amulet of the gourmand (around neck)
   (You found it on level 2 of the Dungeon)
Books
 m - a book of Dreams
   (You found it on level 2 of the Dungeon)

   Spells                             Type                      Level
   Ensorcelled Hibernation            Hexes/Ice                    2
   Flight                             Charms/Air                   3
   Phase Shift                        Translocation                5
   Shadow Creatures                   Summoning                    5
   Mass Confusion                     Hexes                        6
   Darkness                           Hexes                        7

.......S.
......##.#
...........
........##.#
$.......##.###
.............#
.........##.#.#
............#.#
#..#####@.#.#.#
#........#
#.#..^.#.#
...#..<.#.# ###
#....#.#
#....#.#
#....#.#
.....#.#
##....#.#


There were no monsters in sight!


Message History

You are more poisoned.
The adder poisons you!
Your chain mail prevents you from hitting the adder.
The adder is severely wounded.
You feel sick. The adder bites you but does no damage.
The adder closely misses you.
You hit the adder but do no damage.
The adder is severely wounded.
You feel sick. The adder bites you but does no damage.
Your chain mail prevents you from hitting the adder.
The adder is severely wounded.
You feel sick. The adder bites you but does no damage.
The adder bites you but does no damage.
You closely miss the adder.
The adder is severely wounded.
You feel sick. The adder bites you but does no damage.
You barely miss the adder.
The adder is severely wounded.
You feel sick. The adder bites you but does no damage.
The adder bites you but does no damage.
You closely miss the adder.
The adder is severely wounded.
You feel sick. The adder bites you but does no damage.
You closely miss the adder.
The adder is severely wounded.
You feel sick. The adder closely misses you.
Drink which item? (? for menu, Esc to quit)
That liquid tasted very nasty...
You are lethally poisoned!
It was a potion of poison.
* * * LOW HITPOINT WARNING * * *
You feel sick. The adder bites you but does no damage. The adder bites you.
* * * LOW HITPOINT WARNING * * *
Drink which item? (? for menu, Esc to quit)
You feel clever all of a sudden.
It was a potion of brilliance.
* * * LOW HITPOINT WARNING * * *
You feel sick. The adder barely misses you.
Drink which item? (? for menu, Esc to quit)
You feel agile all of a sudden.
It was a potion of agility.
* * * LOW HITPOINT WARNING * * *
You feel sick. The adder barely misses you.
You closely miss the adder.
The adder is severely wounded.
* * * LOW HITPOINT WARNING * * *
You feel sick. The adder bites you.
* * * LOW HITPOINT WARNING * * *
The adder closely misses you.
Your chain mail prevents you from hitting the adder.
The adder is severely wounded.
* * * LOW HITPOINT WARNING * * *
You feel sick. The adder completely misses you.
You slash the adder!
You kill the adder!
Lugonu accepts your kill.
* * * LOW HITPOINT WARNING * * *
You feel sick.
Drink which item? (? for menu, Esc to quit)
Okay, then.
Unknown command.
* * * LOW HITPOINT WARNING * * *
You feel sick.
* * * LOW HITPOINT WARNING * * *
You feel sick.
* * * LOW HITPOINT WARNING * * *
You feel sick.
Drink which item? (? for menu, Esc to quit)
You feel protected.
You die...

Action                   |  1- 3 |  4- 6 || total
-------------------------+-------+-------++-------
Melee: Falchion          |   104 |    41 ||   145
Invok: Depart the Abyss  |     1 |       ||     1
  Use: Potion            |       |     4 ||     4
       Scroll            |       |     3 ||     3

Vault maps used:
D:1:      evilmike_arrival_fibonacci_small, minmay_misc_feat_x
D:3:      uniq_purgy, uniq_jessica

Notes
Turn   | Place    | Note
--------------------------------------------------------------
     0 | Abyss:1  | TZer0alt, the Formicid Abyssal Knight, began the quest for the Orb.
     0 | Abyss:1  | Reached XP level 1. HP: 18/18 MP: 1/1
    34 | Abyss:1  | Noticed a worldbinder
    35 | Abyss:1  | Noticed a swamp drake
    83 | Abyss:1  | Noticed a large abomination
    98 | Abyss:1  | Noticed a reaper
    99 | D:1      | Escaped the Abyss
   372 | D:1      | Reached XP level 2. HP: 20/24 MP: 3/3
   416 | D:1      | Acquired Lugonu's first power
   606 | D:1      | Reached XP level 3. HP: 29/29 MP: 5/5
  1616 | D:2      | Acquired Lugonu's second power
  1616 | D:2      | Reached XP level 4. HP: 31/35 MP: 6/6
  1663 | D:2      | Reached skill level 4 in Long Blades
  2136 | D:3      | HP: 6/35 [adder (3)]
  2140 | D:3      | HP: 2/35 [poison (a potion of poison)]
  2142 | D:3      | Succumbed to poison (a potion of poison)

Vanquished Creatures
  A gnoll (D:1)
  2 adders
  3 giant geckos
  9 bats
  3 giant cockroaches
  4 goblins (D:1)
  5 hobgoblins (D:2)
  2 giant newts (D:1)
  4 kobolds (D:1)
  8 rats
41 creatures vanquished.
